cohdb
Replays
Latest Replays
All Replays
Popular Replays
Top Player Replays
Match Explorer
How It Works
Community
CoH3 Stats
Reddit
Sign in to upload your games and track your stats! →
Sign in with Steam
Match 40351807
Unlisted
Match 40351807
Overview
Messages
Build Orders
End
Panzergrenadier Squad
250 Light Carrier
Panzergrenadier Squad
Construct Light Support Kompanie
Combat Half-tracks
Fire Support Elements
Veteran Squad Leaders
Vehicle Survival Package
Construct Mechanized Kompanie
Selects Italian Combined Arms Battlegroup
Selects Semovente da 75/18 Assault Gun
254 Reconnaissance Tractor
18-tonne Recovery Half-track
2.5-tonne Medical Truck
StuG III D Assault Gun
Selects Carro Armato M13/40 Light Tank
Marder III Tank Destroyer
Tungsten Core Ammunition
boevikove
Ректальный клинч
CPU - VERY EASY
冬瓜汤涩
Dremer3000
moonbluse
0
0
Comments
sign in to comment!
No comments posted yet!